Description

the game was played in ESL one Katowice in 2019

VOD

https://www.youtube.com/watch?time_continue=85&v=08H-zxEzgCQ

Build Order

Get SALT Encoding   

  12  0:00  SCV  
  14  0:17  Supply Depot  
  15  0:30  Refinery  
  16  0:45  Barracks  
  17  0:55  Refinery  
  20  1:30  Orbital Command  
  20  1:40  Factory  pull 3 SCV out of gas
  20  1:50  Supply Depot  
  27  2:30  Command Center  
  30  2:55  Starport  
  30  2:57  Supply Depot  
  31  3:15  Barracks Tech Lab, Factory Tech Lab  
  33  3:50  Raven, Orbital Command  after 2 swap with rax
  36  3:58  Barracks Reactor  
  36  4:00  Cyclone  
  39  4:15  Refinery  
  40  4:30  Command Center  
  48  4:48  Supply Depot  
  48  4:50  Marine x2  
  58  5:20  Siege Tank  
  62  5:28  Viking x2  
  62  5:30  Stimpack  
  65  5:38  Supply Depot  
  72  6:00  Engineering Bay x2  
  85  7:30  Barracks x2  
  101  7:33  Combat Shield  
  1115  7:40  Armory  
  130  7:50  Barracks x2  
  142  8:00  Starport Reactor  build new
  153  8:30  Barracks Reactor x2  1 fight to starport's one
  164  8:40  Barracks Reactor x2  
  180  8:45  Action  start +2 +2
  184  9:00  Refinery x2  
  200  11:00  Starport x2  fusion core , lib range
Spawning Tool Build Advisor. Get it on Overwolf

Go to:

Details

  • Created by: IPontoon
  • Published on: Feb 28, 2019
  • Modified on: Mar 01, 2019
  • Patch: 4.7.1
Show
View Real Time Build Order
Export as new Build Order

Comments (0)

There are no comments. Be the first!

Create an account to comment!